 Dungeon Crawl Stone Soup version 0.30.1-9-gdf580d7c3d (webtiles) character file.

Game seed: 13462713994179747525

523667 ringo67 the Slayer (level 26, -3/212 (228) HPs)
             Began as a Human Warper on Oct 2, 2023.
             Was a High Priest of Wu Jian.
             Killed from afar by a purple draconian shifter (40 damage)
             ... with a bolt of dispelling energy
             ... led by a purple draconian shifter
             ... on level 4 of the Depths on Oct 5, 2023.
             The game lasted 05:55:50 (90760 turns).

ringo67 the Slayer (Human Warper)                  Turns: 90760, Time: 05:55:50

HP:   -3/212 (228)  AC: 33    Str: 19    XL:     26   Next: 68%
MP:   0/34          EV: 21    Int: 24    God:    Wu Jian [*****.]
Gold: 1876          SH: 23    Dex: 14    Spells: 9/40 levels left

rFire   + + .        h - +6 morningstar (flame)
rCold   . . .        Z - +1 kite shield {reflect}
rNeg    . . .        b - +6 fire dragon scales of Watchfulness {rElec rF++ rC- rCorr Str-2 Int+6}
rPois   .            p - +1 helmet of Guebrer {rElec Int+3}
rElec   +            L - +0 cloak {rC+}
rCorr   +            V - +1 Delatra's gloves {ID++}
SInv    .            W - +3 pair of seven-league boots {Rampage+∞}
Will    +....        P - brooch of Shielding {Spirit SH+8} Stlth
                     E - +5 ring of evasion
HPRegen 0.55/turn    S - +4 ring of slaying
MPRegen 0.24/turn

%: reflection, guardian spirit, rampage+∞
@: studying 4 skills, drained
A: no striking features
}: 3/15 runes: barnacled, silver, gossamer
a: Renounce Religion, Wall Jump, Serpent's Lash, Heavenly Storm


You were on level 4 of the Depths.
You worshipped Wu Jian.
Wu Jian was extremely pleased with you.
You visited 10 branches of the dungeon, and saw 44 of its levels.
You visited 2 bazaars.
You also visited: Gauntlet.

You collected 6107 gold pieces.
You spent 4231 gold pieces at shops.

Inventory:

Hand Weapons
 h - a +6 morningstar of flaming (weapon)
 t - the +4 eveningstar of Breach {freeze, *Noise Will+++ Int-2 SInv}
   (You acquired it on level 2 of the Orcish Mines)

   Int:       It affects your intelligence (-2).
   SInv:      It lets you see invisible.
   *Noise:    It may make noises in combat.
   Will:      It greatly increases your willpower.
Missiles
 d - 7 boomerangs of dispersal (quivered)
 f - 10 silver javelins
 X - 13 silver boomerangs
Armour
 a - +7 pearl dragon scales
 b - the +6 fire dragon scales of Watchfulness (worn) {rElec rF++ rC- rCorr Str-2 Int+6}
   (You found it on level 3 of the Elven Halls)

   Str:       It affects your strength (-2).
   Int:       It affects your intelligence (+6).
   rF:        It greatly protects you from fire.
   rC:        It makes you vulnerable to cold.
   rElec:     It insulates you from electricity.
   rCorr:     It protects you from acid and corrosion.
 p - the +1 helmet of Guebrer (worn) {rElec Int+3}
   (You found it on level 3 of the Dungeon)

   Int:       It affects your intelligence (+3).
   rElec:     It insulates you from electricity.
 u - a +1 cloak of preservation
 G - a +0 pair of gloves of stealth
 L - a +0 cloak of cold resistance (worn)
 R - a +3 kite shield of protection
 V - the +1 Delatra's gloves (worn) {ID++}
   (You bought it in a shop on level 3 of the Vaults)

   ID++:      It heals its wearer when they drink unknown potions, and restores
   their MP when they read unknown scrolls.
 W - the +3 pair of seven-league boots (worn) {Rampage+∞}
   (You found it on level 5 of the Lair of Beasts)

   Rampage+∞: When moving toward enemies, its wearer moves as far as possible,
   alerting their target en route.
 Z - a +1 kite shield of reflection (worn)
Jewellery
 m - the ring "Athrypnops" {Ice *Corrode rPois Slay+5}
   (You found it on level 3 of the Dungeon)

   [ring of ice]

   It enhances your ice magic.
   Slay:      It affects your accuracy & damage with ranged weapons and melee
   (+5).
   rF:        It makes you vulnerable to fire.
   rC:        It protects you from cold.
   rPois:     It protects you from poison.
   *Corrode:  It may corrode you when you take damage.
 z - a ring of protection from cold
 A - a ring of protection from fire
 E - a +5 ring of evasion (left hand)
 O - a ring of protection from cold
 P - the brooch of Shielding (around neck) {Spirit SH+8}
   (You found it on level 2 of the Lair of Beasts)

   [amulet of guardian spirit]

   It causes incoming damage to be divided between your reserves of health and
   magic.
   SH:        It affects your SH (+8).
 S - a +4 ring of slaying (right hand)
Wands
 c - a wand of charming (46)
 C - a wand of iceblast (73)
 M - a wand of quicksilver (27)
 N - a wand of mindburst (28)
 Q - a wand of polymorph (35)
 T - a wand of digging (6)
Scrolls
 e - 11 scrolls of teleportation
 i - 2 scrolls of summoning
 k - 9 scrolls of poison
 s - 4 scrolls of magic mapping
 x - 6 scrolls of fear
 F - 7 scrolls of amnesia
 J - 2 scrolls of blinking
 K - 11 scrolls of fog
 U - a scroll of enchant armour
Potions
 g - 5 potions of resistance
 j - 16 potions of mutation
 l - 10 potions of flight
 n - 19 potions of curing
 o - 6 potions of haste
 q - 3 potions of berserk rage
 v - 5 potions of brilliance
 w - 9 potions of lignification
 B - 7 potions of attraction
 H - 6 potions of might
 I - 2 potions of cancellation
 Y - 2 potions of magic


   Skills:
 - Level 23.1 Fighting
 - Level 16.0 Maces & Flails
 - Level 1.0 Throwing
 + Level 19.0 Armour
 + Level 17.2 Dodging
 - Level 16.0 Shields
 - Level 7.5 Spellcasting
 - Level 11.0 Conjurations
 + Level 2.9 Summonings
 - Level 11.8 Translocations
 - Level 5.0 Transmutations
 - Level 12.4 Air Magic


You had 9 spell levels left.
You knew the following spells:

 Your Spells              Type           Power      Damage    Failure   Level
a - Blink                 Tloc           100%       N/A       1%          2
b - Manifold Assault      Tloc           60%        N/A       1%          4
c - Vhi's Electric Charg  Tloc/Air       100%       N/A       1%          3
d - Wereblood             Tmut           33%        N/A       4%          2
e - Swiftness             Air            62%        N/A       1%          3
f - Lesser Beckoning      Tloc           100%       N/A       1%          2
g - Arcjolt               Conj/Air       30%        1d40      5%          5
h - Volatile Blastmotes   Fire/Tloc      74%        2d16      6%          3
i - Malign Gateway        Summ/Tloc      22%        N/A       100%        7

Your spell library contained the following spells:

 Spells                   Type           Power      Damage    Failure   Level
 Apportation              Tloc           100%       N/A       1%          1
 Magic Dart               Conj           100%       1d8       1%          1
 Momentum Strike          Conj/Tloc      100%       3d10      1%          2
 Gell's Gravitas          Tloc           60%        N/A       1%          3
 Teleport Other           Tloc           60%        N/A       1%          3
 Passage of Golubria      Tloc           60%        N/A       1%          4
 Kiss of Death            Conj/Necr      100%       2d13      2%          1
 Poisonous Vapours        Pois/Air       78%        N/A       2%          2
 Mephitic Cloud           Conj/Pois/Air  46%        N/A       2%          3
 Iskenderun's Mystic Bla  Conj/Tloc      59%        2d12      2%          4
 Beastly Appendage        Tmut           66%        N/A       3%          1
 Cigotuvi's Dreadful Rot  Necr/Pois/Air  58%        N/A       6%          2
 Portal Projectile        Hex/Tloc       74%        N/A       6%          3
 Summon Small Mammal      Summ           92%        N/A       7%          1
 Iskenderun's Battlesphe  Conj           58%        2d11      7%          5
 Dazzling Flash           Conj/Hex       70%        N/A       8%          3
 Stone Arrow              Conj/Erth      70%        3d11      8%          3
 Sting                    Tmut/Pois      84%        1d7       9%          1
 Summon Lightning Spire   Summ/Air       46%        N/A       10%         4
 Call Imp                 Summ           46%        N/A       11%         2
 Passwall                 Tmut/Erth      17%        N/A       13%         2
 Call Canine Familiar     Summ           23%        N/A       22%         3
 Sandblast                Erth           18%        2d7       24%         1
 Fulminant Prism          Conj/Hex       17%        3d11      24%         4
 Irradiate                Conj/Tmut      23%        3d19      24%         5
 Spider Form              Tmut/Pois      21%        N/A       26%         3
 Freezing Cloud           Conj/Ice/Air   23%        6-21      26%         5
 Conjure Ball Lightning   Conj/Air       30%        3x3d10    28%         6
 Dispersal                Tloc           30%        N/A       28%         6
 Summon Forest            Summ/Tloc      22%        N/A       30%         5
 Ensorcelled Hibernation  Hex/Ice        18%        N/A       34%         2
 Summon Guardian Golem    Hex/Summ       16%        N/A       36%         3
 Silence                  Hex/Air        19%        N/A       45%         5
 Confusing Touch          Hex            9%         N/A       56%         3
 Frozen Ramparts          Ice            18%        1d3       56%         3
 Tukima's Dance           Hex            9%         N/A       56%         3
 Fireball                 Conj/Fire      17%        3d9       56%         5
 Ice Form                 Ice/Tmut       21%        N/A       63%         4
 Petrify                  Tmut/Erth      21%        N/A       63%         4
 Blade Hands              Tmut           16%        N/A       63%         5
 Summon Ice Beast         Ice/Summ       16%        N/A       77%         4
 Orb of Destruction       Conj           29%        9d9       91%         7
 Dispel Undead            Necr           9%         3d8       93%         4
 Leda's Liquefaction      Hex/Erth       4%         N/A       93%         4
 Olgreb's Toxic Radiance  Pois           9%         N/A       93%         4
 Yara's Violent Unravell  Hex/Tmut       10%        3d6       93%         5
 Plasma Beam              Fire/Air       19%        2x1d34    95%         6
 Summon Mana Viper        Hex/Summ       16%        N/A       98%         5
 Starburst                Conj/Fire      17%        6d6       98%         6
 Storm Form               Tmut/Air       25%        N/A       99%         7
 Agony                    Necr           9%         N/A       100%        5
 Lee's Rapid Deconstruct  Erth           4%         3d5*      100%        5
 Death Channel            Necr           4%         N/A       100%        6
 Simulacrum               Ice/Necr       4%         N/A       100%        6
 Summon Cactus Giant      Summ           11%        N/A       100%        6
 Dragon Form              Tmut           16%        N/A       100%        7
 Monstrous Menagerie      Summ           11%        N/A       100%        7
 Ozocubu's Refrigeration  Ice            4%         4d8       100%        7
 Spellforged Servitor     Conj/Summ      21%        N/A       100%        7
 Discord                  Hex            4%         N/A       100%        8
 Disjunction              Tloc           30%        N/A       100%        8
 Ignition                 Fire           4%         3d4       100%        8
 Maxwell's Capacitive Co  Air            31%        ∞         100%        8
 Chain Lightning          Conj/Air       30%        3d40      100%        9
 Polar Vortex             Ice            4%         N/A       100%        9
 Shatter                  Erth           4%         3d8*      100%        9


Dungeon Overview and Level Annotations

Branches:
Dungeon (15/15)            Temple (1/1) D:4            Lair (5/5) D:8
 Shoals (4/4) Lair:3       Spider (4/4) Lair:3        Slime (0/5) Lair:5
    Orc (2/2) D:10            Elf (3/3) Orc:2        Vaults (5/5) D:14
  Crypt (0/3) Vaults:3     Depths (4/4) D:15            Zot (1/5) Depths:4
Gauntlet (visited)

Altars:
Ashenzari
Cheibriados
Dithmenos
Elyvilon
Fedhas
Gozag
Hepliaklqana
Kikubaaqudgha
Okawaru
Qazlal
Ru
Sif Muna
Trog
Uskayaw
Vehumet
Wu Jian
Xom
Yredelemnul
Zin
The Shining One
Jiyva
Lugonu

Shops:
D:7 !   D:9 (   D:13 [   D:15 (   Orc:2 ?(:*   Elf:3 [   Shoals:2 =
Vaults:3 [   Depths:1 *   Depths:3 *

Portals:
Hell: Depths:1 Depths:2 Depths:3 Depths:4
Abyss: Lair:5 Depths:1 Depths:3 Depths:4
Pandemonium: Depths:1 Depths:2 Depths:4
Ziggurat: Depths:3
Trove: Vaults:2 (give +2 gold dragon scales)

Annotations:
D:3 Lazy's ghost, weakling MfVM
D:10 1 runed translucent door, Psyclone's ghost, journeyman OpVM
D:13 3 runed translucent doors, Loabri's ghost, journeyman MeFi
D:14 2 runed translucent doors
Lair:3 3 runed translucent doors, Pegitz's ghost, journeyman GrBe
Spider:1 Roxanne
Depths:2 3 runed translucent doors, Canneaw's ghost, veteran GnDe; Zujy's ghost, adept DsFi; frimble's ghost, adept DsGl


Message History

The tentacled monstrosity constricts you!
* * * LOW HITPOINT WARNING * * *
You feel much better.
The purple draconian shifter mumbles some strange words.
The purple draconian shifter blinks!
You block the tentacled monstrosity's attack. x2
The tentacled monstrosity tentacle-slaps you but does no damage.
The tentacled monstrosity constricts you!
* * * LOW HITPOINT WARNING * * *
You sock the tentacled monstrosity! You burn the tentacled monstrosity.
The tentacled monstrosity is heavily wounded.
You block the tentacled monstrosity's attack. x3
The tentacled monstrosity constricts you.
You impale the tentacled monstrosity!! You burn the tentacled monstrosity.
The tentacled monstrosity is severely wounded.
You hammer the tentacled monstrosity like a gong!!!
You burn the tentacled monstrosity!
You kill the tentacled monstrosity!
The Council accepts your kill.
Your Armour skill increases to level 19!
You block the purple draconian shifter's attack.
The purple draconian shifter casts a spell.
The purple draconian shifter blinks!
You go up through the gate.
Welcome back to the Depths!
There is a gate to the Realm of Zot here.
You puncture the purple draconian shifter!
You burn the purple draconian shifter.
The purple draconian shifter is moderately wounded.
You hit the purple draconian shifter. You burn the purple draconian shifter.
The purple draconian shifter is moderately wounded.
You block the purple draconian shifter's attack.
You puncture the purple draconian shifter!
You burn the purple draconian shifter!
The purple draconian shifter is heavily wounded.
You block the purple draconian shifter's attack.
You hit the purple draconian shifter but do no damage.
The purple draconian shifter is heavily wounded.
The purple draconian shifter breathes dispelling energy at you.
The bolt of dispelling energy hits you!!!
You die...

.....###........##### #...'.....
....##.....#'#..#...## #####...#.
..........##.##......### ####..
...##....##...##.......##### #..
...#.#..##..∩..##......#...####..
[..#...####...####..).........###
.###..##.###.###.##....#.........
.#...##...#####...##...#.......##
.....'.^∩..# #..@..'..###........
.....##...#####q..##....##.....#.
......##.###.###.##......###...#.
...)...####...####.........#.####
..##.#..##..∩..##..##...........#
###......##...##....##..........#
#.........##.##......#......#####
##.........#'#.......##....## #
#.........(...##.....#..###


You could see a purple draconian shifter (catching breath).

Vanquished Creatures
  3 dread liches (Vaults:4)
  3 ancient liches
  Mara (Vaults:2)
  A juggernaut (Depths:4)
  Frederick (Vaults:2)
  Margery (Vaults:2)
  Saint Roka (Vaults:1)
  A caustic shrike (Depths:1)
  Xtahua (Vaults:3)
  4 golden dragons
  Arachne (Spider:2)
  Rupert (D:15)
  5 tentacled monstrosities
  Jorgrun (Spider:1)
  4 liches
  2 titans (Vaults:4)
  3 deep elf master archers (Elf:3)
  Asterion (Spider:3)
  2 quicksilver dragons
  2 deep elf blademasters
  A death cob (Zot:1)
  An ancient champion (Depths:3)
  A sphinx (shapeshifter) (Vaults:5)
  12 sphinxes
  Kirke (D:12)
  6 storm dragons
  5 shadow dragons
  6 tengu reavers
  Ilsuiw (Shoals:3)
  Donald (Shoals:2)
  A daeva (Depths:4)
  A draconian monk (Depths:3)
  3 fire giants
  Aizul (Vaults:3)
  8 deep elf sorcerers (Elf:3)
  5 frost giants
  4 emperor scorpions (Spider:4)
  23 vault wardens
  5 spectral caustic shrikes (Depths:2)
  Louise (Depths:4)
  A balrug (Depths:3)
  A draconian scorcher (Zot:1)
  4 orc warlords
  4 ghost moths (Spider:4)
  A caustic shrike zombie (Depths:2)
  5 deep elf elementalists (Elf:3)
  A spriggan defender (Depths:4)
  2 draconian shifters
  24 very ugly things
  An angel (Depths:4)
  21 ironbound preservers
  3 broodmothers
  10 stone giants
  A draconian annihilator (Zot:1)
  3 war gargoyles
  3 black draconians
  10 ironbound thunderhulks
  7 deep elf demonologists
  2 green draconians (Zot:1)
  3 vampire knights
  A white draconian (Depths:4)
  6 deep elf annihilators
  2 red draconians
  12 spark wasps
  2 minotaurs (Shoals:4)
  4 purple draconians (Zot:1)
  8 dire elephants (Vaults:2)
  A green death (Depths:2)
  A deep elf death mage (Elf:3)
  Snorg (Lair:5)
  14 ettins
  7 fire dragons
  4 merfolk javelineers
  A crystal guardian (Vaults:3)
  Josephine (D:12)
  4 merfolk impalers
  11 deep elf high priests
  3 entropy weavers
  A blizzard demon (Depths:3)
  13 yaktaur captains
  5 rakshasas
  Harold (D:10)
  4 ice dragons
  6 great orbs of eyes
  3 hydras
  Erolcha (Orc:1)
  A jorogumo (shapeshifter) (Vaults:5)
  Fannar (Orc:1)
  7 spriggan air magi
  2 merfolk avatars
  An ogre mage (Vaults:4)
  39 vault guards
  19 centaur warriors
  2 peacekeepers (Vaults:3)
  2 radroaches (Spider:4)
  A catoblepas (Lair:5)
  6 ironbound frosthearts
  A jorogumo (Spider:4)
  5 merfolk aquamancers
  3 two-headed ogres
  29 dancing weapons
  3 deep troll shamans
  A death knight (D:15)
  9 boulder beetles
  A death yak (Lair:5)
  A death scarab (Spider:4)
  10 satyrs
  8 tengu warriors
  2 deep troll earth magi
  An orc high priest (Elf:1)
  A vampire mage (Depths:1)
  3 thrashing horrors (Lair:5)
  10 spriggan berserkers
  10 hell knights
  19 deep elf knights
  Sonja (Lair:4)
  A soul eater (Depths:1)
  5 skeletal warriors
  5 pharaoh ants
  2 sun moths
  4 skysharks
  3 cherubim
  40 deep trolls
  An iron troll (Depths:4)
  A death drake (shapeshifter) (Elf:2)
  17 sea snakes
  A flayed ghost (Depths:2)
  2 large abominations (Lair:5)
  A deep troll (shapeshifter) (Vaults:4)
  35 slime creatures
  5 lindwurms
  3 glowing orange brains
  9 orc knights
  4 necromancers
  9 wizards
  10 orb spiders
  4 deep elf archers
  5 phantasmal warriors
  An orange crystal statue (Shoals:2)
  22 ironbound convokers
  6 steelbarb worms
  44 harpies
  55 ugly things
  22 deep elf zephyrmancers
  28 deep elf pyromancers
  2 oklob plants (Lair:4)
  3 orc sorcerers (D:15)
  A mana viper (shapeshifter) (Lair:5)
  6 cyclopes
  An iron dragon zombie (Depths:2)
  13 wolf spiders
  A frost giant skeleton (Depths:2)
  5 elephants (Lair:1)
  Joseph (D:7)
  15 manticores
  15 fauns
  5 moths of wrath
  A centaur zombie (D:15)
  A guardian serpent (Lair:5)
  10 merfolk sirens
  7 black mambas
  18 vault sentinels
  Maurice (Orc:1)
  7 water nymphs
  6 torpor snails
  9 demonic crawlers
  3 smoke demons
  2 orange demons (Depths:2)
  A torpor snail (shapeshifter) (Vaults:5)
  5 gargoyles
  2 rime drakes
  8 cane toads
  2 efreet
  2 centaur skeletons (D:15)
  2 tengu conjurers
  4 komodo dragons
  An unseen horror (D:11)
  Psyche (D:11)
  An ice devil (Depths:1)
  An ancient zyme (Lair:5)
  40 yaktaurs
  3 meliai (Spider:4)
  2 polar bears
  7 trolls
  28 merfolk
  14 tarantellas
  2 hellwings
  5 hornets
  6 wind drakes
  24 blink frogs
  9 dream sheep
  11 snapping turtles
  4 flying skulls (Gauntlet)
  6 air elementals
  13 culicivoras
  A centaur simulacrum (D:15)
  2 ynoxinuls
  18 water elementals
  A shadow (D:10)
  5 spriggans
  32 jumping spiders
  A human (shapeshifter) (D:14)
  8 wraiths
  4 wyverns
  42 yaks
  3 steam dragons
  14 basilisks
  22 redbacks
  5 vampire mosquitoes
  A spriggan simulacrum (Depths:2)
  2 chaos spawn (Lair:5)
  2 neqoxecs (Depths:2)
  Edmund (D:6)
  6 wargs
  A swamp worm (shapeshifter) (Vaults:5)
  Menkaure (D:6)
  14 water moccasins
  4 acid dragons
  2 floating eyes
  Duvessa (D:7)
  2 ice beasts
  A meliai simulacrum (D:15)
  45 orc warriors
  11 ogres
  A black bear (D:5)
  3 boggarts (Vaults:1)
  17 centaurs
  A phantom (D:5)
  A kobold brigand (D:8)
  7 bullfrogs
  4 earth elementals
  2 scorpions (D:5)
  8 wights
  A wyvern skeleton (D:3)
  4 gnoll sergeants
  12 small abominations (Lair:5)
  Dowan (D:7)
  A hornet simulacrum (D:13)
  A water moccasin skeleton (D:4)
  24 killer bees
  10 howler monkeys
  A vampire bat (Lair:2)
  An electric eel (Lair:1)
  2 bullfrog zombies (D:4)
  16 orc priests
  A bullfrog skeleton (D:4)
  2 gnoll boudas
  3 hounds
  2 sleepcaps
  A scorpion zombie (D:4)
  18 orc wizards
  3 iguanas
  A hound zombie (D:4)
  A hound skeleton (D:4)
  34 gnolls
  A howler monkey zombie (D:4)
  3 adders
  3 white imps
  An ufetubus (D:6)
  An adder zombie (D:4)
  2 worms (D:3)
  2 dart slugs (D:2)
  95 orcs
  2 ball pythons
  4 endoplasms
  6 goblins
  5 hobgoblins
  3 jackals (D:4)
  4 quokkas
  11 bats
  4 frilled lizards
  16 kobolds
  8 rats
  3 tentacles (Shoals:3)
1841 creatures vanquished.

Vanquished Creatures (collateral kills)
  An emperor scorpion (Spider:4)
  A torpor snail (Spider:4)
  4 redbacks (Spider:4)
6 creatures vanquished.

Vanquished Creatures (others)
  An ogre mage (Vaults:5)
  A dancing weapon (Elf:1)
  A deep elf knight (Elf:3)
  2 harpies
  A deep elf pyromancer (Elf:2)
  A merfolk siren (Shoals:3)
  A water elemental (Elf:1)
  An orc (Orc:2)
  13 tentacles (Shoals:3)
22 creatures vanquished.

Grand Total: 1869 creatures vanquished

Notes
Turn   | Place    | Note
-------+----------+-------------------------------------------
     0 | D:1      | ringo67 the Human Warper began the quest for the Orb.
     0 | D:1      | Reached XP level 1. HP: 16/16 MP: 3/3
   288 | D:1      | Reached XP level 2. HP: 22/22 MP: 5/5
  1105 | D:2      | Reached XP level 3. HP: 23/28 MP: 6/6
  1520 | D:2      | Found a faded altar of an unknown god.
  2022 | D:3      | Identified the ring "Athrypnops" {Ice *Corrode rPois
                  | Slay+5}
  2070 | D:3      | Found a transporter.
  2073 | D:3      | Noticed Lazy's ghost (weakling MfVM)
  2078 | D:3      | Found a transporter.
  2122 | D:3      | Reached XP level 4. HP: 21/34 MP: 7/7
  2563 | D:3      | Identified the +1 helmet of Guebrer {rElec Int+3}
  2797 | D:3      | Reached skill level 3 in Fighting
  2797 | D:3      | Reached XP level 5. HP: 30/41 MP: 8/8
  2853 | D:4      | Found a staircase to the Ecumenical Temple.
  2886 | Temple   | Entered the Ecumenical Temple
  2910 | Temple   | Became a worshipper of the Wu Jian Council
  3080 | D:4      | Noticed a centaur
  3083 | D:4      | Killed a centaur
  3084 | D:4      | Reached XP level 6. HP: 48/48 MP: 9/9
  3100 | D:4      | Reached skill level 4 in Fighting
  3120 | D:4      | Identified the staff of air "Qoly" {rElec Str+3}
  3741 | D:4      | Reached XP level 7. HP: 50/55 MP: 10/10
  4099 | D:4      | Reached * piety under Wu Jian
  4284 | D:5      | Entered Level 5 of the Dungeon
  4409 | D:5      | Reached skill level 5 in Fighting
  4409 | D:5      | Reached skill level 5 in Maces & Flails
  4409 | D:5      | Reached XP level 8. HP: 59/62 MP: 11/11
  4412 | D:5      | Learned a level 2 spell: Blink
  4417 | D:5      | Learned a level 4 spell: Manifold Assault
  4458 | D:5      | Found a glowing golden altar of the Shining One.
  4712 | D:5      | Reached skill level 5 in Armour
  5323 | D:5      | Reached skill level 1 in Shields
  5409 | D:5      | Identified the +1 mace of the Lusting Gods {protect, Will+
                  | SInv}
  5581 | D:6      | Noticed Menkaure
  6023 | D:6      | Killed Menkaure
  6106 | D:6      | Reached XP level 9. HP: 51/69 MP: 12/12
  6304 | D:6      | Reached skill level 6 in Fighting
  6496 | D:6      | Reached ** piety under Wu Jian
  6917 | D:6      | Noticed Edmund
  6929 | D:6      | Killed Edmund
  6930 | D:6      | Reached skill level 5 in Translocations
  7794 | D:7      | Reached XP level 10. HP: 73/77 MP: 13/13
  7846 | D:7      | Noticed Duvessa
  7846 | D:7      | Noticed Dowan
  7858 | D:7      | Killed Duvessa
  7859 | D:7      | Reached skill level 7 in Fighting
  7877 | D:7      | Killed Dowan
  8452 | D:7      | Noticed Joseph
  8466 | D:7      | Killed Joseph
  8613 | D:7      | Found Birolar's Distillery.
  9091 | D:8      | Reached *** piety under Wu Jian
  9580 | D:8      | Found an ancient bone altar of Kikubaaqudgha.
  9676 | D:8      | Reached skill level 5 in Shields
  9761 | D:8      | Found a staircase to the Lair.
 10219 | D:9      | Found Leteoshy's Weapon Shop.
 10275 | D:9      | Noticed a two-headed ogre
 10311 | D:9      | Reached **** piety under Wu Jian
 10769 | D:9      | Found a basalt altar of Yredelemnul.
 11140 | D:9      | Noticed a tengu warrior
 11152 | D:10     | Entered Level 10 of the Dungeon
 11359 | D:10     | Reached XP level 11. HP: 69/86 MP: 14/14
 11630 | D:10     | Reached skill level 8 in Fighting
 11796 | D:10     | Found a shimmering blue altar of Sif Muna.
 11796 | D:10     | Found an iron altar of Okawaru.
 11838 | D:10     | Noticed a red ugly thing
 11954 | D:10     | Killed a red ugly thing
 12674 | D:10     | Found a runed translucent door.
 12675 | D:10     | Noticed a spriggan rider
 12675 | D:10     | Noticed Psyclone's ghost (journeyman OpVM)
 12676 | D:10     | Identified the +6 trident "Tuiwn" {heavy, +Blink rF- rN+
                  | Int+6 SInv}
 12906 | D:10     | Found a staircase to the Orcish Mines.
 13646 | Lair:1   | Entered Level 1 of the Lair of Beasts
 14435 | Lair:1   | Noticed an elephant
 14765 | Lair:1   | Killed an elephant
 14957 | Lair:1   | Noticed an elephant
 14961 | Lair:1   | Noticed an elephant
 14964 | Lair:1   | Killed an elephant
 14965 | Lair:1   | Noticed an elephant
 14977 | Lair:1   | Killed an elephant
 14978 | Lair:1   | Reached skill level 9 in Fighting
 14978 | Lair:1   | Reached XP level 12. HP: 41/95 MP: 15/15
 15478 | Lair:2   | Found the brooch of Shielding {Spirit SH+8}
 15757 | Lair:2   | Noticed an eight-headed hydra
 17173 | Lair:2   | Killed an eight-headed hydra
 17921 | Lair:3   | Reached skill level 10 in Maces & Flails
 17929 | Lair:3   | Reached skill level 10 in Fighting
 17946 | Lair:3   | Reached skill level 10 in Armour
 17946 | Lair:3   | Reached skill level 5 in Dodging
 18015 | Lair:3   | Reached XP level 13. HP: 83/103 MP: 16/16
 18121 | Lair:3   | Found a runed translucent gate.
 18146 | Lair:3   | Found a runed translucent gate.
 18147 | Lair:3   | Found a runed translucent gate.
 18150 | Lair:3   | Noticed a nine-headed hydra
 18150 | Lair:3   | Noticed Pegitz's ghost (journeyman GrBe)
 18151 | Lair:3   | Noticed an 11-headed hydra
 18182 | Lair:3   | Found a hole to the Spider Nest.
 18314 | Lair:3   | Reached ***** piety under Wu Jian
 18605 | Lair:3   | Reached XP level 14. HP: 111/111 MP: 17/17
 18660 | Lair:3   | Found a staircase to the Shoals.
 19155 | Lair:4   | Found a gate leading to a gauntlet.
 19166 | Gauntlet | Entered a Gauntlet
 19166 | Gauntlet | Found a transporter.
 19166 | Gauntlet | Found a transporter.
 19166 | Gauntlet | Found a transporter.
 19170 | Gauntlet | Found a transporter.
 19174 | Gauntlet | Found a transporter.
 19188 | Gauntlet | Found a transporter.
 19191 | Gauntlet | Found a transporter.
 19192 | Gauntlet | Found a transporter.
 19193 | Gauntlet | Found a transporter.
 19211 | Gauntlet | Found a transporter.
 19213 | Gauntlet | Found a transporter.
 19306 | Gauntlet | Found a transporter.
 19358 | Gauntlet | Identified the staff of air "Tonykyed" {rElec Str-2 Int+6}
 19530 | Gauntlet | Identified the ring of Zeara {rF+ Will- Str+4}
 19547 | Gauntlet | Noticed a minotaur
 20005 | Lair:4   | Noticed Sonja
 20014 | Lair:4   | Killed Sonja
 20909 | D:9      | Reached skill level 10 in Shields
 20958 | Orc:1    | Entered Level 1 of the Orcish Mines
 20960 | Orc:1    | Noticed Maurice
 20961 | Orc:1    | Noticed Erolcha
 20968 | Orc:1    | Noticed Harold
 20994 | D:10     | Killed Harold
 21256 | Orc:1    | Killed Erolcha
 21481 | Orc:1    | Killed Maurice
 21570 | Orc:1    | Noticed Fannar
 21801 | Orc:1    | Killed Fannar
 22005 | Orc:2    | Entered Level 2 of the Orcish Mines
 22020 | Orc:2    | Reached skill level 11 in Fighting
 22091 | Orc:2    | Noticed an orc warlord
 22921 | Orc:1    | Killed an orc warlord
 23096 | Orc:2    | Found a staircase to the Elven Halls.
 23698 | Orc:2    | Found Ygum's Book Shop.
 23698 | Orc:2    | Found Caqis's Antique Weapon Emporium.
 23700 | Orc:2    | Found Ublosob's Magic Scroll Shoppe.
 23702 | Orc:2    | Found Bopso's Assorted Antiques.
 24032 | D:11     | Reached XP level 15. HP: 69/119 MP: 12/21
 25241 | D:12     | Noticed Psyche
 25252 | D:11     | Killed Psyche
 25609 | D:12     | Reached skill level 5 in Spellcasting
 26127 | D:12     | Reached skill level 12 in Fighting
 26246 | D:12     | Found an iron altar of Okawaru.
 26638 | D:13     | Noticed Kirke
 26638 | D:13     | Noticed Josephine
 26652 | D:12     | Killed Josephine
 26835 | D:12     | Killed Kirke
 27030 | D:13     | Found a runed translucent gate.
 27030 | D:13     | Found a runed translucent gate.
 27063 | D:13     | Found a runed translucent gate.
 27063 | D:13     | Noticed an acid blob
 27065 | D:13     | Noticed a quicksilver ooze
 27065 | D:13     | Noticed Loabri's ghost (journeyman MeFi)
 27065 | D:13     | Noticed an azure jelly
 27065 | D:13     | Noticed an acid blob
 27065 | D:13     | Noticed an acid blob
 27066 | D:13     | Noticed an azure jelly
 27066 | D:13     | Noticed an azure jelly
 27067 | D:13     | Noticed an acid blob
 27068 | D:13     | Noticed an azure jelly
 27091 | D:13     | Found a viscous altar of Jiyva.
 27512 | D:13     | Found Loimn's Antique Armour Boutique.
 27529 | D:13     | Bought a pair of boots for 157 gold pieces
 28852 | D:14     | Found a gate to the Vaults.
 29627 | D:14     | Reached skill level 13 in Fighting
 29627 | D:14     | Reached XP level 16. HP: 106/130 MP: 20/25
 30138 | D:14     | Found a large runed translucent door.
 30141 | D:14     | Found a large runed translucent door.
 30662 | Lair:5   | Entered Level 5 of the Lair of Beasts
 30705 | Lair:5   | Found a viscous altar of Jiyva.
 30705 | Lair:5   | Found a staircase to the Slime Pits.
 31566 | Lair:5   | Found the +3 pair of seven-league boots {Rampage+∞}
 31590 | Lair:5   | Learned a level 3 spell: Vhi's Electric Charge
 31684 | Lair:5   | Noticed Snorg
 31693 | Lair:5   | Killed Snorg
 31731 | Lair:5   | Reached skill level 1 in Air Magic
 32561 | Lair:5   | Identified the staff of cold "Asuqoh" {rC+ rCorr Str+8}
 32826 | Lair:5   | Found a corrupted altar of Lugonu.
 32826 | Lair:5   | Found a one-way gate to the infinite horrors of the Abyss.
 33107 | D:15     | Entered Level 15 of the Dungeon
 33263 | D:15     | Reached skill level 14 in Fighting
 33268 | D:15     | HP: 5/133 [phantasmal warrior[a death knight] (15)]
 33515 | D:15     | Noticed Rupert
 33517 | D:15     | Found Vaenos's Weapon Boutique.
 33532 | D:15     | Killed Rupert
 34123 | D:15     | Found a staircase to the Depths.
 34246 | D:15     | Reached XP level 17. HP: 107/140 MP: 18/26
 35163 | Spider:1 | Entered Level 1 of the Spider Nest
 35492 | Spider:1 | Noticed Jorgrun
 37391 | Spider:1 | Identified Roxanne's Secrets of Changes
 37391 | Spider:1 | Noticed Roxanne
 37426 | Spider:1 | Killed Jorgrun
 37957 | Spider:2 | Reached skill level 15 in Fighting
 38255 | Spider:2 | Identified the +6 scale mail of Aruydizi {rPois}
 38511 | Elf:1    | Entered Level 1 of the Elven Halls
 38554 | Elf:1    | Found a flickering gateway to a bazaar.
 38562 | Bazaar   | Entered a bazaar
 38562 | Bazaar   | Found Sull's General Store.
 38562 | Bazaar   | Found Atsuit's Magic Scroll Shoppe.
 38562 | Bazaar   | Found Wutunwit's Assorted Antiques.
 38564 | Bazaar   | Found Koshocudu's Antique Armour Shoppe.
 38638 | Bazaar   | Bought a scroll of acquirement for 624 gold pieces
 38638 | Bazaar   | Bought a scroll of enchant armour for 90 gold pieces
 38638 | Bazaar   | Bought a scroll of brand weapon for 114 gold pieces
 38638 | Bazaar   | Bought a scroll of brand weapon for 114 gold pieces
 38638 | Bazaar   | Bought a scroll of enchant armour for 90 gold pieces
 38663 | Bazaar   | Bought a pair of runed gloves for 150 gold pieces
 38700 | Bazaar   | Bought a scroll of summoning for 114 gold pieces
 38700 | Bazaar   | Bought a scroll of magic mapping for 90 gold pieces
 38751 | Orc:2    | Acquired the +4 eveningstar of Breach {freeze, *Noise
                  | Will+++ Int-2 SInv}
 39015 | Spider:2 | Noticed Arachne
 39035 | Spider:2 | Killed Arachne
 39445 | Spider:2 | Got the Folio of Lethal Lightning
 40392 | Spider:3 | Noticed Asterion
 40400 | Spider:3 | Killed Asterion
 40995 | Spider:3 | Identified the +0 broad axe of Ises {drain, Str+3 Dex+2}
 41195 | Spider:4 | Entered Level 4 of the Spider Nest
 41741 | Spider:4 | Reached XP level 18. HP: 150/150 MP: 27/27
 41751 | Spider:4 | Learned a level 2 spell: Wereblood
 42200 | Spider:4 | Reached skill level 1 in Transmutations
 43063 | Spider:4 | Reached skill level 16 in Fighting
 43099 | Spider:4 | Reached skill level 15 in Maces & Flails
 43305 | Spider:4 | Got a gossamer rune of Zot
 43706 | Shoals:1 | Entered Level 1 of the Shoals
 43854 | Shoals:1 | Reached skill level 10 in Dodging
 45197 | Shoals:2 | Found a transporter.
 45226 | Shoals:2 | Reached skill level 5 in Transmutations
 45565 | Shoals:2 | Found a transporter.
 45631 | Shoals:2 | Reached XP level 19. HP: 147/159 MP: 25/28
 45723 | Shoals:2 | Found Tyrun's Jewellery Shoppe.
 46400 | Shoals:3 | Noticed Ilsuiw
 47431 | Shoals:3 | Noticed Donald
 47444 | Shoals:2 | Killed Donald
 48169 | Shoals:3 | Killed Ilsuiw
 48795 | Shoals:4 | Entered Level 4 of the Shoals
 49067 | Shoals:4 | Reached skill level 17 in Fighting
 51191 | Shoals:4 | Reached skill level 15 in Armour
 51424 | Shoals:4 | Identified the ring of Angolij {Ice Fly Will- Str+4 Int+3}
 51463 | Shoals:4 | Got a barnacled rune of Zot
 51465 | Shoals:4 | Got the Atlas of Rancid Aeromancy
 51470 | Shoals:4 | Learned a level 3 spell: Swiftness
 52030 | Shoals:2 | Reached XP level 20. HP: 128/168 MP: 1/29
 52062 | Shoals:2 | Got the Tractate on Damage
 52321 | Elf:1    | Reached skill level 5 in Air Magic
 52894 | Elf:1    | Noticed a Tzitzimitl
 54114 | Elf:1    | Paralysed by an air elemental for 1 turns
 54118 | Elf:1    | Paralysed by an air elemental for 1 turns
 54572 | Elf:1    | Reached skill level 10 in Translocations
 55130 | Elf:2    | Found a runed translucent gate.
 55130 | Elf:2    | Found a runed translucent gate.
 55131 | Elf:2    | Found a runed translucent gate.
 55160 | Elf:2    | Paralysed by an air elemental for 1 turns
 55262 | Elf:2    | Paralysed by an air elemental for 1 turns
 56856 | Elf:2    | Reached skill level 18 in Fighting
 57013 | Elf:3    | Entered Level 3 of the Elven Halls
 57046 | Elf:3    | Found Fuulixu's Antique Armour Boutique.
 57131 | Elf:3    | Paralysed by an air elemental for 1 turns
 57573 | Elf:3    | Paralysed by an air elemental for 1 turns
 57905 | Elf:3    | Reached XP level 21. HP: 164/177 MP: 27/30
 58001 | Elf:3    | Identified the +6 lajatang of Vopibiech {spect, rF- rN+
                  | Dex+2 SInv}
 59495 | Elf:3    | Identified the amulet of Sloth {Spirit *Corrode Regen+
                  | Dex+8 Stlth-}
 59641 | Elf:3    | Found the macabre finger necklace {Finger+ rN+}
 59644 | Elf:3    | Found the +8 orange crystal plate armour {Archmagi, Int+3
                  | Clar}
 59683 | Elf:3    | Got the Tome of Leaden Infection
 59688 | Elf:3    | Got Sif Muna's Commentary on the Geodesic
 59731 | Elf:3    | Identified the +1 buckler "Wuitoaps" {Regen+}
 59745 | Elf:3    | Identified the +6 fire dragon scales of Watchfulness {rElec
                  | rF++ rC- rCorr Str-2 Int+6}
 59748 | Elf:3    | Identified the +1 whip "Tuwnaq" {drain, rN++}
 60089 | Depths:1 | Entered Level 1 of the Depths
 61343 | Depths:1 | Found a gateway to Hell.
 61417 | Depths:1 | Found a one-way gate leading to the halls of Pandemonium.
 61438 | Depths:1 | Found Vuotit's General Store.
 61497 | Depths:1 | Found a broken altar of Ashenzari.
 63738 | Depths:2 | Noticed a caustic shrike
 63741 | Depths:2 | Found a shimmering altar of Xom.
 64210 | Depths:2 | Reached skill level 15 in Shields
 64210 | Depths:2 | Reached XP level 22. HP: 179/186 MP: 23/31
 64254 | Depths:1 | Killed a caustic shrike
 64565 | Depths:2 | Reached skill level 19 in Fighting
 65764 | Depths:2 | Found a runed translucent gate.
 65764 | Depths:2 | Found a runed translucent gate.
 65764 | Depths:2 | Found an ancient bone altar of Kikubaaqudgha.
 65764 | Depths:2 | Noticed Zujy's ghost (adept DsFi)
 65765 | Depths:2 | Found a runed translucent gate.
 65765 | Depths:2 | Noticed frimble's ghost (adept DsGl)
 65765 | Depths:2 | Noticed Canneaw's ghost (veteran GnDe)
 65765 | Depths:2 | Noticed a dread lich
 66230 | Depths:3 | Found a hide-covered altar of Uskayaw.
 66686 | Depths:3 | Reached ****** piety under Wu Jian
 66830 | Depths:3 | Paralysed by a floating eye for 3 turns
 67230 | Depths:3 | Reached skill level 15 in Dodging
 67258 | Depths:3 | Acquired a +2 eveningstar of distortion
 67271 | Depths:3 | Found Big Baal Hell's Store.
 67421 | Depths:3 | Found a one-way gateway to a ziggurat.
 67462 | Depths:3 | Reached skill level 10 in Air Magic
 67895 | Depths:3 | Identified the +2 ring mail "Lunupaf" {Int+2 Dex+3}
 68589 | Depths:4 | Entered Level 4 of the Depths
 68616 | Depths:4 | Noticed a golden dragon
 68629 | Depths:3 | Killed a golden dragon
 69030 | Depths:4 | Noticed a golden dragon
 69386 | Depths:4 | Killed a golden dragon
 69546 | Depths:4 | Noticed a golden dragon
 69566 | Depths:4 | Killed a golden dragon
 69816 | Depths:4 | Found an ancient bone altar of Kikubaaqudgha.
 69896 | Depths:4 | Reached XP level 23. HP: 187/194 MP: 32/32
 70151 | Depths:4 | Found a gate to the Realm of Zot.
 70291 | Depths:4 | Noticed a juggernaut
 70308 | Depths:4 | Killed a juggernaut
 70937 | Depths:4 | Noticed Louise
 70956 | Depths:4 | Killed Louise
 70957 | Depths:4 | Reached skill level 20 in Fighting
 72069 | Vaults:1 | Entered Level 1 of the Vaults
 72830 | Vaults:1 | Noticed Saint Roka
 73329 | Vaults:1 | Killed Saint Roka
 75056 | Vaults:2 | Found a flickering gateway to a bazaar.
 75065 | Bazaar   | Entered a bazaar
 75081 | Bazaar   | Found Oczomn's General Store.
 75082 | Bazaar   | Found Jeuni's Jewellery Emporium.
 75115 | Bazaar   | Found Lisivosh's Armour Shoppe.
 75115 | Bazaar   | Found Yrhirr's Armour Shoppe.
 75133 | Bazaar   | Bought quicksilver dragon scales for 720 gold pieces
 75191 | Vaults:2 | Noticed Mara
 75198 | Vaults:2 | Noticed ringo67's illusion
 75212 | Vaults:2 | Killed Mara
 75213 | Vaults:2 | Reached XP level 24. HP: 172/205 MP: 18/32
 75233 | Vaults:2 | Found a portal to a secret trove of treasure.
 76026 | Vaults:2 | Identified the +0 robe "Wiko Afe" {rC+}
 76338 | Vaults:2 | Noticed Margery
 76358 | Vaults:2 | Killed Margery
 76707 | Vaults:2 | Noticed Frederick
 76727 | Vaults:2 | Killed Frederick
 77287 | Vaults:3 | Noticed Aizul
 77302 | Vaults:3 | Killed Aizul
 77761 | Vaults:3 | Learned a level 2 spell: Lesser Beckoning
 77767 | Vaults:3 | Learned a level 5 spell: Arcjolt
 77835 | Vaults:3 | Reached skill level 1 in Conjurations
 78245 | Vaults:3 | Found Izeyhigok's Antique Armour Boutique.
 78253 | Vaults:3 | Bought a pair of brightly glowing boots for 237 gold pieces
 78253 | Vaults:3 | Identified the +0 pair of boots of Juyrph {*Slow Will+
                  | Dex+5} (You bought it in a shop on level 3 of the Vaults)
 78253 | Vaults:3 | Bought the +1 Delatra's gloves {ID++} for 250 gold pieces
 78253 | Vaults:3 | Found the +1 Delatra's gloves {ID++}
 78337 | Vaults:3 | Reached skill level 21 in Fighting
 78609 | Vaults:3 | Identified the +4 whip "Ziluorr" {protect, rPois rF+ rC-}
 79141 | Vaults:3 | Found a staircase to the Crypt.
 79141 | Vaults:3 | Found an ancient bone altar of Kikubaaqudgha.
 79142 | Vaults:3 | Found a basalt altar of Yredelemnul.
 79146 | Vaults:3 | Reached skill level 5 in Conjurations
 79235 | Vaults:3 | Noticed Xtahua
 79681 | Vaults:3 | Killed Xtahua
 80243 | Vaults:3 | Reached XP level 25. HP: 111/216 MP: 3/32
 81500 | Vaults:4 | Identified the +4 hand axe "Mekepp" {venom, rN++ rCorr
                  | Int+3 SInv}
 81636 | Vaults:4 | Reached skill level 22 in Fighting
 82047 | Vaults:4 | Identified the +1 ring mail "Weagg" {rF+ rN+ Str+3}
 82625 | Vaults:4 | Learned a level 3 spell: Volatile Blastmotes
 83163 | Vaults:5 | Entered Level 5 of the Vaults
 83190 | Vaults:5 | Noticed an ancient lich
 83207 | Vaults:5 | Noticed a dread lich
 83218 | Vaults:4 | Killed an ancient lich
 83543 | Vaults:4 | Killed a dread lich
 83747 | Vaults:5 | Noticed an ancient lich
 83808 | Vaults:4 | Killed an ancient lich
 84049 | Vaults:4 | Reached skill level 10 in Conjurations
 84368 | Vaults:5 | Noticed a dread lich
 84387 | Vaults:4 | Killed a dread lich
 85034 | Vaults:5 | Reached XP level 26. HP: 226/226 MP: 32/32
 85174 | Vaults:5 | Identified the +3 arbalest "Cookie Cutter" {freeze, rCorr
                  | Dex+2}
 85191 | Vaults:5 | Identified the +0 ring mail "Xywn" {rC+}
 85195 | Vaults:5 | Identified the +5 rapier of Undoing {freeze, rPois rN+}
 85271 | Vaults:5 | Noticed a dread lich
 85272 | Vaults:5 | Noticed an ancient lich
 85295 | Vaults:5 | Identified the +4 falchion "Ihuw Urgh" {pain, *Slow rF+ rC+
                  | Stlth+}
 85815 | Vaults:5 | Identified the +7 dagger "Haggely" {pain, rElec rN+ Will+
                  | Stlth-}
 87195 | Vaults:4 | Killed a dread lich
 87196 | Vaults:4 | Reached skill level 23 in Fighting
 87467 | Vaults:5 | Identified the +2 robe "Doelyiff" {rPois rCorr MP+9}
 87951 | Vaults:5 | Got a silver rune of Zot
 88214 | Vaults:5 | Killed an ancient lich
 88371 | Vaults:5 | Got Cire's Spellbook of Changing Beckoning
 88380 | Vaults:5 | Identified the staff of cold "Rudiq" {rC+ Will+ Str-5
                  | Int+5}
 89000 | Depths:3 | Bought a +0 cloak of cold resistance for 759 gold pieces
 89255 | Orc:2    | Bought a scroll of enchant armour for 90 gold pieces
 89255 | Orc:2    | Bought a scroll of enchant weapon for 90 gold pieces
 89260 | Orc:2    | Bought a scroll of magic mapping for 232 gold pieces
 89260 | Orc:2    | Bought a potion of haste for 310 gold pieces
 89273 | Orc:2    | Learned a level 7 spell: Malign Gateway
 89524 | Zot:1    | Entered Level 1 of the Realm of Zot
 89587 | Zot:1    | Reached skill level 1 in Summonings
 90760 | Depths:4 | Killed from afar by a purple draconian shifter

Illustrated notes

Levels and vault maps discovered:
D:1:      elethiomel_arrival_maze, layout_basic, grunt_decor_clamped
D:2:      layout_basic, hellmonk_ecumenical_altar_defaced_shrine
D:3:      layout_rooms, gammafunk_ghost_mausoleum, minmay_stone_trees_large,
          serial_bayou_ford_a, minmay_misc_feat_room
D:4:      layout_rooms, minmay_temple_entry_waves, serial_undead,
          serial_undead_a, serial_undead_b, serial_undead_e, serial_undead_d,
          serial_undead_c
D:5:      layout_loops_ring, nicolae_overflow_crystal_walls
D:6:      layout_basic, nicolae_kite_square_tiling_tiny,
          kennysheep_generic_room_13, uniq_edmund, uniq_menkaure
D:7:      layout_basic, serial_shops, kennysheep_mini_moat, uniq_joseph,
          uniq_duvessa
D:8:      layout_gridville, lemuel_round_altar, lair_entry_dummy,
          chequers_decorated_corner
D:9:      layout_rooms, mainiacjoe_overflow_boulevard, jmf_multi_god_temple2,
          serial_shops, nicolae_shop_temple_entry_statues_fountains
D:10:     layout_rooms, amethyst_overflow_temple_binary,
          ebering_ghost_funeral_grove
D:11:     layout_basic, special_room [special_room_orc]
D:12:     layout_roguey, nicolae_zen_rock_garden, okawaru_trees_1, uniq_psyche
D:13:     layout_gridville, serial_shops, shop, gammafunk_ghost_ooze,
          uniq_kirke, uniq_josephine
D:14:     doesnt_quadruple_sword, layout_irregular_city,
          lightli_vaults_fourway_checkpoint, kennysheep_flooded_box,
          nicolae_concentric_dashed_squares_wild, chequers_serial_rivers_micro_a
D:15:     grunt_enter_depths_magical_seal, layout_loops_cross, serial_shops,
          shop, hangedman_decor_push, uniq_rupert
Temple:   hellmonk_temple_of_storms
Lair:1:   layout_small_grid, grunt_megastairs_2, infiniplex_staircase_pool
Lair:2:   layout_layer_cave, chequers_serial_rivers_large_a, roderic_batcave,
          serial_bayou_pond_a, infiniplex_staircase_pool_2, lemuel_fruit_tree
Lair:3:   wander_river, layout_hall_layers, elwin_shoals_entry_stream,
          nicolae_spider_entry_tight_spaces, gammafunk_ghost_hydra_chop
Lair:4:   layout_hall_layers, gauntlet_entry_generic, dpeg_oklob_1, uniq_sonja
Lair:5:   hellmonk_lair_end_abyssal_woods, layout_regular_city, slime_entry_1,
          columned_hall_lemuel, hellmonk_guarded_unrand_seven_league_boots,
          uniq_snorg
Shoals:1: layout_shoals, nicolae_shoals_square_sea_wall,
          nicolae_shoals_lost_giant_pillars
Shoals:2: gammafunk_sealed_arena, layout_shoals, serial_shops,
          nicolae_stop_n_shop_2
Shoals:3: layout_shoals, uniq_ilsuiw, uniq_donald
Shoals:4: shoals_end_hellmonk_lost_city
Spider:1: layout_spider_delve, nicolae_spider_checkerboard,
          hangedman_spider_tarantella_strand, uniq_roxanne, uniq_jorgrun
Spider:2: layout_cave_pods, uniq_arachne
Spider:3: layout_spider_delve, uniq_asterion
Spider:4: guppyfry_spider_rune, nicolae_spider_circle_web
Orc:1:    layout_caves, uniq_harold, uniq_erolcha, uniq_maurice, uniq_fannar
Orc:2:    st_orc_rangers, layout_caves
Elf:1:    layout_gridlike, serial_shops, bzr_entry_dummy, evilmike_minifort
Elf:2:    elven_hall_of_blades_hangedman_original
          [nicolae_blade_entry_sentries_behind_glass], layout_gridlike,
          serial_sigils, serial_sigils_hangedman_quiver,
          serial_sigils_hangedman_scratch, serial_sigils_hangedman_gnaw,
          serial_sigils_hangedman_scar
Elf:3:    minmay_elf_hall_not_hex, layout_loops_ring, serial_shops, shop
Vaults:1: nicolae_vaults_shrinking_rooms_1, nicolae_vaults_sealed_display,
          nicolae_vaults_trapezoid_lopsided_2, nicolae_vaults_frosty_reception,
          grunt_vaults_hallway_short, nicolae_vaults_six-pack, v_rooms_1,
          nicolae_vaults_trapezoid_2, nicolae_vaults_mush_room,
          hangedman_vaults_pinch, nicolae_vaults_diamond_1,
          nicolae_vaults_tangram_1, layout_vaults_omnicross, uniq_saint_roka
Vaults:2: st_spiral_rooms, hangedman_vaults_corner_blocks,
          hangedman_vaults_stagger, v_misc_3, vaults_room_door_ring,
          nicolae_vaults_asterisk, nicolae_vaults_little_squares_3,
          nicolae_vaults_trapezoid_layered, v_rooms_6,
          nicolae_vaults_oval_intersection, vaults_room_ringed_pool,
          nicolae_vaults_mini_display_case, layout_vaults_chaotic_city,
          enter_trove_2, serial_shops, bzr_entry_dummy, uniq_mara, uniq_margery,
          uniq_frederick
Vaults:3: nicolae_vaults_storage_room_statues, minmay_crypt_entry_necro_gods,
          dpeg_vaults_monster_box, nicolae_vaults_little_squares_5,
          hangedman_vaults_nodes, ontoclasm_vaults_bender, hangedman_vaults_hat,
          ontoclasm_vaults_gateway, nicolae_vaults_swerve,
          nicolae_vaults_quartermaster, v_alt_pattern_2, v_misc_30,
          nicolae_vaults_diagonal_hallway_6, v_misc_10,
          nicolae_vaults_tetromino_T_2, layout_vaults_maze_bifur, serial_shops,
          nicolae_square_shop, uniq_aizul, uniq_xtahua
Vaults:4: vaults_room_octagon, nicolae_vaults_storage_closets_2,
          vaults_room_door_hall, nicolae_vaults_network_square,
          nicolae_vaults_closet_pinwheel_1, vaults_mumra_hexcomb,
          ontoclasm_vaults_gallery, layout_vaults_quadrants
Vaults:5
Depths:1: layout_honeycomb, rand_demon_pan_entry_5,
          pf_vacation_house_of_asmodeus, hangedman_abyss_entry_splay,
          serial_shops, nicolae_shop_tiny_statue_garden, evilmike_ruin_ashenzari
Depths:2: minmay_inside_and_out, layout_cave_pools, gammafunk_ghost_crypt,
          grunt_pan_entry_in_and_out, infiniplex_staircase_squiggle,
          pf_hell_entry_tar_river, xom_teletrap_fun
Depths:3: regret_index_uskayaw_diablada_macabre, layout_honeycomb,
          enter_ziggurat_d, nicolae_hell_entry_big_baal_hell, abyss_entry,
          minmay_misc_feat_more_columns, rand_demon_pan_entry_1,
          infiniplex_staircase_river
Depths:4: evilmike_zot_entry_diamond, layout_honeycomb,
          nicolae_abyss_entry_one_way_or_another, hangedman_decor_cross_pass,
          grunt_pan_entry_spiral, grunt_hell_entry_dis_grunt,
          nicolae_kikubaaqudgha_miasma_corner
Zot:1:    layout_basic

Skill      XL: |  1  2  3  4  5  6  7  8  9 10 11 12 13 14 15 16 17 18 19 20 21 22 23 24 25 26 |
---------------+-------------------------------------------------------------------------------+-----
Armour         | 2 3 4 5 6 7 8 10 11 12 13 14 15 16 17 18 19 | 19.0
Fighting       | 3 4 5 6 7 9 10 11 13 14 15 16 17 18 19 20 21 22 23 | 23.1
Maces & Flails | 3 4 5 6 7 9 10 11 12 13 14 15 16 | 16.0
Shields        | 2 3 5 6 7 9 10 11 12 13 15 16 | 16.0
Translocations | 4 5 6 7 8 9 10 11 | 11.8
Dodging        | 5 7 9 10 12 13 14 15 16 17 | 17.2
Spellcasting   | 4 6 7 |  7.5
Air Magic      | 2 4 7 8 10 12 | 12.4
Transmutations | 5 |  5.0
Conjurations   | 6 10 11 | 11.0
Summonings     | 2 |  2.9
Throwing       | |  1.0

Action                     |  1- 3 |  4- 6 |  7- 9 | 10-12 | 13-15 | 16-18 | 19-21 | 22-24 | 25-27 || total
---------------------------+-------+-------+-------+-------+-------+-------+-------+-------+-------++-------
  Melee: Whip              |   141 |   106 |   276 |   819 |  1357 |  1330 |       |       |       ||  4029
         Punch             |     2 |     2 |     4 |       |       |       |       |       |       ||     8
         Unarmed           |       |       |       |       |     3 |       |       |       |       ||     3
         Eveningstar       |       |       |       |       |       |   811 |  1644 |  2005 |   964 ||  5424
         Morningstar       |       |       |       |       |       |       |       |       |   133 ||   133
  Throw: Boomerang         |       |       |     5 |       |       |       |       |       |       ||     5
         Dart              |       |       |       |     8 |    12 |     6 |       |       |       ||    26
   Cast: Manifold Assault  |       |       |       |     6 |    19 |    44 |    64 |    79 |    31 ||   243
         Vhi's Electric Ch |       |       |       |       |       |     4 |    20 |    64 |    27 ||   115
         Wereblood         |       |       |       |       |       |     1 |     2 |    10 |    10 ||    23
         Blink             |       |       |       |       |       |       |     1 |       |       ||     1
         Volatile Blastmot |       |       |       |       |       |       |       |       |     2 ||     2
         Arcjolt           |       |       |       |       |       |       |       |       |     2 ||     2
         Swiftness         |       |       |       |       |       |       |       |       |     1 ||     1
 Invoke: Serpent's Lash    |       |       |       |     4 |     4 |     8 |     7 |     7 |     9 ||    39
         Heavenly Storm    |       |       |       |       |     2 |     3 |     2 |       |     1 ||     8
Ability: Lunge             |       |     6 |    28 |    44 |    43 |     9 |     3 |     1 |     4 ||   138
         Whirlwind         |       |       |       |    16 |    26 |    77 |    72 |    44 |    38 ||   273
         Wall Jump         |       |       |       |     1 |     4 |       |       |       |     1 ||     6
  Evoke: Wand              |       |       |       |     4 |       |       |       |       |       ||     4
    Use: Scroll            |     1 |     2 |       |    16 |    12 |     8 |    10 |    16 |    12 ||    77
         Potion            |       |       |       |       |     1 |     4 |     6 |     3 |     5 ||    19
   Stab: Distracted        |       |       |       |       |     1 |       |       |       |       ||     1
         Sleeping          |       |       |       |       |     3 |     1 |       |       |       ||     4
 Armour: Leather armour    |     3 |       |       |       |       |       |       |       |       ||     3
         Chain mail        |    90 |    59 |    89 |   152 |    51 |       |       |       |       ||   441
         Ring mail         |       |       |       |    76 |   197 |   256 |       |       |       ||   529
         Scale mail        |       |       |       |       |       |   305 |   340 |       |       ||   645
         Pearl dragon scal |       |       |       |       |       |       |    98 |   562 |   313 ||   973
         Fire dragon scale |       |       |       |       |       |       |     6 |     3 |    39 ||    48
  Dodge: Dodged            |    59 |    49 |    49 |   166 |   275 |   830 |   791 |   972 |   504 ||  3695
  Block: Kite shield       |       |       |    52 |   336 |   962 |  1939 |  1492 |  1923 |  1022 ||  7726
         Reflection        |       |       |       |       |       |    23 |    96 |    60 |    33 ||   212
